 Dungeon Crawl Stone Soup version 0.18-a0-1396-g8753ca6 (webtiles) character file.

5529 dvd the Fighter (level 10, -2/166 HPs)
             Began as an Ogre Berserker on Feb 24, 2016.
             Was a High Priest of Trog.
             Slain by a wolf (7 damage)
             ... on level 9 of the Dungeon.
             The game lasted 00:34:18 (11681 turns).

dvd the Fighter (Ogre Berserker)                   Turns: 11681, Time: 00:34:18

Health: -2/166     AC:  4    Str: 32    XL:     10   Next: 70%
Magic:  10/10      EV: 13    Int:  6    God:    Trog [*****.]
Gold:   405        SH:  0    Dex:  9    Spells: 0 memorised, 9 levels left

rFire  . . .     SeeInvis .     d - +6 trident (flame)
rCold  . . .     Gourm    .     v - +0 robe
rNeg   . . .     Faith    .     (no shield)
rPois  .         Spirit   .     (helmet restricted)
rElec  .         Dismiss  .     s - +0 cloak
rCorr  .         Reflect  .     (gloves unavailable)
SustAt .         Harm     .     (boots unavailable)
MR     +....                    (no amulet)
Stlth  ..........               (no ring)
                                (no ring)

@: berserking (expiring), very quick, somewhat resistant to hostile
enchantments, extremely unstealthy
A: unfitting armour, tough skin 1
a: Berserk, Trog's Hand, Brothers in Arms, Burn Spellbooks, Renounce Religion


You were on level 9 of the Dungeon.
You worshipped Trog.
Trog was extremely pleased with you.
You were not hungry.

You visited 3 branches of the dungeon, and saw 11 of its levels.

You collected 405 gold pieces.

Inventory:

Hand Weapons
 d - a +6 trident of flaming (weapon)
 e - a +1 vampiric hand axe
 w - a +3 quarterstaff of chaos
 C - a +4 mace of holy wrath
 D - the +5 shortbow of Quytots {velocity, +Blink Dex-2 SInv}
   (You found it on level 9 of the Dungeon)

   Any arrow fired from it inflicts extra damage.
   It affects your dexterity (-2).
   It lets you see invisible.
   It lets you blink.
 E - a +0 whip of freezing
 I - a +0 dire flail
Missiles
 b - a tomahawk of returning (quivered)
 o - 2 javelins of penetration
 y - 13 tomahawks
Armour
 s - a +0 cloak (worn)
 v - a +0 robe (worn)
Wands
 a - a wand of digging (5/24)
 k - a wand of digging (9/24)
 l - a wand of teleportation (5/9)
 t - a wand of acid (7/15)
 A - a wand of random effects (21/48)
 B - a wand of acid (5/15)
 F - a wand of acid (9/15)
 G - a wand of disintegration (13/24)
Scrolls
 f - 2 scrolls of teleportation
 g - a scroll of magic mapping
 j - 9 scrolls of remove curse
 p - 2 scrolls of fear
 r - 3 scrolls of fog
 x - 6 scrolls of identify
Potions
 h - a potion of might
 i - a potion of agility
 n - 3 potions of curing
 u - a potion of berserk rage
Comestibles
 c - 10 bread rations
 m - 12 fruits
 q - a meat ration
 z - 2 slices of pizza


   Skills:
 + Level 10.6 Fighting
 + Level 7.1(8.3) Maces & Flails
 + Level 2.8(4.3) Polearms
 + Level 4.4(5.8) Staves
 + Level 4.6 Throwing
 + Level 9.2 Dodging
 + Level 3.3 Stealth


You had 9 spell levels left.
You didn't know any spells.

Dungeon Overview and Level Annotations

Branches:
Dungeon (9/15)             Temple (1/1) D:4            Lair (1/8) D:9
    Orc: D:9-12

Altars:
Ashenzari
Cheibriados
Dithmenos
Elyvilon
Fedhas
Gozag
Kikubaaqudgha
Makhleb
Nemelex Xobeh
Okawaru
Pakellas
Qazlal
Ru
Sif Muna
Trog
Vehumet
Xom
Yredelemnul
Zin
The Shining One

Shops:
D:8 *?=}*


Innate Abilities, Weirdness & Mutations

You are too large for most types of armour.
You have tough skin (AC +1).


Message History

The wolf misses you. The wolf bites you but does no damage. The wolf bites you.
* * * LOW HITPOINT WARNING * * *
The wolf bites you.
* * * LOW HITPOINT WARNING * * *
The wolf bites you!
* * * LOW HITPOINT WARNING * * *
The wolf closely misses you. x2; The wolf barely misses you.
The crocodile bites you!
* * * LOW HITPOINT WARNING * * *
The wolf barely misses you.
You climb upwards.
Welcome back to the Dungeon!
You feel a strong urge to attack something.
There is a staircase to the Lair here.
You puncture the wolf! You burn the wolf.
The wolf is almost dead.
The wolf barely misses you. The wolf completely misses you.
The wolf bites you but does no damage. The wolf barely misses you.
The wolf bites you!
You die...

....................##
.................<...#
...................###
........####.....###
........##.........##
...####.#..)...P.PPP#
#### #.....P.PPPPPP#


#....PPP.thhPP# ##..PPPPPh@hPP# ##PPPPPPPhhPP# ##PPPPPPPPP## ########### You
could see a crocodile and 6 wolves.

Vanquished Creatures
  An obsidian statue (D:9)
  Pikel (D:5)
  Joseph (D:8)
  Psyche (D:8)
  A komodo dragon (D:9)
  2 two-headed ogres
  Eustachio (D:5)
  A sky beast (D:9)
  2 ice beasts
  A black bear (D:8)
  An orc warrior (D:9)
  2 phantoms (D:9)
  4 ogres
  The ghost of Empheia the Ruffian, an amateur DrTm (D:3)
  A centaur (D:9)
  A big kobold (D:7)
  A gnoll sergeant (D:7)
  3 giant frogs
  3 scorpions
  3 jellies
  A centaur zombie (D:7)
  2 giant frog zombies (D:9)
  A quasit (D:9)
  Crazy Yiuf (D:2)
  5 hounds
  6 orc priests
  An iguana (D:8)
  Jessica (D:2)
  Natasha (thrice) (D:2)
  6 orc wizards
  6 worker ants
  3 hound skeletons
  2 worker ant zombies
  16 gnolls
  9 adders
  3 shadow imps
  3 oozes (D:2)
  3 worms
  A dart slug (D:2)
  6 giant geckos
  28 orcs
  8 giant cockroaches
  10 goblins
  9 hobgoblins
  24 jackals
  A quokka (D:3)
  4 ball pythons
  7 bats
  4 giant newts
  15 kobolds
  6 rats
  A spectral orc (D:5)
  A plant (D:9)
229 creatures vanquished.

Vanquished Creatures (others)
  An ogre (D:5)
  A giant cockroach (D:5)
  A giant newt (D:5)
  A plant (D:9)
4 creatures vanquished.

Grand Total: 233 creatures vanquished

Notes
Turn   | Place    | Note
--------------------------------------------------------------
     0 | D:1      | dvd the Ogre Berserker began the quest for the Orb.
     0 | D:1      | Reached XP level 1. HP: 24/24 MP: 1/1
   223 | D:1      | Reached XP level 2. HP: 32/32 MP: 2/2
  1210 | D:2      | Reached XP level 3. HP: 40/40 MP: 3/3
  1271 | D:2      | Reached ** piety under Trog
  1484 | D:2      | Reached XP level 4. HP: 38/49 MP: 4/4
  1818 | D:2      | Noticed Natasha
  1829 | D:2      | Killed Natasha
  1829 | D:2      | Reached skill level 5 in Fighting
  1991 | D:2      | Noticed Natasha
  1998 | D:2      | Killed Natasha
  1998 | D:2      | Reached XP level 5. HP: 51/57 MP: 5/5
  2173 | D:2      | Noticed Crazy Yiuf
  2181 | D:2      | Killed Crazy Yiuf
  2181 | D:2      | Reached skill level 5 in Maces & Flails
  2185 | D:2      | Noticed Natasha
  2191 | D:2      | Killed Natasha
  2550 | D:2      | Noticed Jessica
  2553 | D:2      | Killed Jessica
  2665 | D:2      | Reached XP level 6. HP: 67/67 MP: 6/6
  2773 | D:2      | Reached *** piety under Trog
  3001 | D:3      | Noticed Empheia's ghost (amateur DrTm)
  3010 | D:3      | Killed Empheia's ghost
  3010 | D:3      | Reached skill level 6 in Fighting
  3010 | D:3      | Reached skill level 1 in Staves
  3462 | D:3      | Found a white marble altar of Elyvilon.
  3470 | D:3      | Found a shadowy altar of Dithmenos.
  3470 | D:3      | Found a blossoming altar of Fedhas.
  3966 | D:4      | Reached skill level 5 in Dodging
  3974 | D:4      | Reached XP level 7. HP: 38/75 MP: 7/7
  4240 | D:4      | Reached skill level 1 in Stealth
  4618 | D:4      | Reached skill level 1 in Throwing
  5267 | D:4      | Found a sparkling altar of Nemelex Xobeh.
  5349 | D:4      | Reached **** piety under Trog
  5668 | D:4      | Found a staircase to the Ecumenical Temple.
  5683 | Temple   | Entered the Ecumenical Temple
  5901 | D:5      | Entered Level 5 of the Dungeon
  5901 | D:5      | Noticed Pikel
  5914 | D:5      | Killed Pikel
  5914 | D:5      | Reached skill level 7 in Fighting
  5914 | D:5      | Reached XP level 8. HP: 81/87 MP: 8/8
  5990 | D:5      | Noticed Eustachio
  6007 | D:5      | Killed Eustachio
  6164 | D:5      | Got a slimy short sword
  6191 | D:5      | Reached skill level 8 in Fighting
  6272 | D:5      | Found a sacrificial altar of Ru.
  6541 | D:5      | Found a basalt altar of Yredelemnul.
  6941 | D:6      | Reached XP level 9. HP: 96/96 MP: 9/9
  6966 | D:6      | Found a basalt altar of Yredelemnul.
  7479 | D:7      | Gained mutation: You are covered in fur (AC +1). [potion of mutation]
  7479 | D:7      | Gained mutation: Your mind is acute. (Int +2) [potion of mutation]
  7479 | D:7      | Gained mutation: Your magical capacity is low (-10% MP). [potion of mutation]
  8320 | D:7      | Reached skill level 9 in Fighting
  8325 | D:7      | Reached ***** piety under Trog
  8726 | D:8      | Found Wuff's Jewellery Shop.
  8735 | D:8      | Found Sequonil's General Store.
  8744 | D:8      | Found Sezamp's Magic Scroll Shop.
  8868 | D:8      | Found Ydait's Assorted Antiques.
  8879 | D:8      | Gained mutation: You are partially covered in thin metallic scales (AC +2). [potion of beneficial mutation]
  8903 | D:8      | Noticed Psyche
  8917 | D:8      | Noticed a two-headed ogre
  8927 | D:8      | Killed a two-headed ogre
  9014 | D:8      | Killed Psyche
  9014 | D:8      | Reached skill level 1 in Polearms
  9014 | D:8      | Reached XP level 10. HP: 83/107 MP: 9/9
  9197 | D:8      | Found Gaodgh's Gadget Shop.
  9400 | D:8      | Lost mutation: Your magical capacity is low (-10% MP). [potion of cure mutation]
  9400 | D:8      | Lost mutation: Your mind is acute. (Int +2) [potion of cure mutation]
  9400 | D:8      | Lost mutation: You are covered in fur (AC +1). [potion of cure mutation]
  9400 | D:8      | Lost mutation: You are partially covered in thin metallic scales (AC +2). [potion of cure mutation]
  9540 | D:8      | Noticed Joseph
  9562 | D:8      | Killed Joseph
  9922 | D:9      | Reached skill level 10 in Fighting
  9992 | D:9      | Got a warped shortbow
  9998 | D:9      | Identified the +5 shortbow of Quytots {velocity, +Blink Dex-2 SInv} (You found it on level 9 of the Dungeon)
 10457 | D:9      | Found a staircase to the Lair.
 10916 | D:9      | Noticed an obsidian statue
 11193 | D:9      | Noticed a rust devil
 11195 | D:9      | Noticed a sixfirhy
 11459 | D:9      | Killed an obsidian statue
 11671 | Lair:1   | Entered Level 1 of the Lair of Beasts
 11679 | Lair:1   | HP: 4/166 [crocodile (16)]
 11681 | D:9      | Slain by a wolf

Vault maps used:
D:1:      dpeg_arrival_morbid_curiosity
D:2:      minmay_ruptured, uniq_jessica, uniq_natasha, uniq_crazy_yiuf_cottage
D:3:      minitemple
D:4:      kennysheep_mini_moat, temple_green, first_bread
D:5:      nicolae_ru_sacrificial_ziggurat, yredelemnul_forgotten_temple_becter,
          uniq_pikel, uniq_eustachio
D:6:      basic_altar
D:7:      serial_gnoll_camp, gnoll_camp_mini_loothouse,
          gnoll_camp_mini_doghouse, gnoll_camp_mini_hut, gnoll_camp_mini_hut,
          gnoll_camp_mini_hut
D:8:      serial_shops, shop, shop, nicolae_shop_crystal, shop, shop,
          uniq_joseph, uniq_psyche
D:9:      minmay_statue_hallways, david_lair_shrubbed
Temple:   hc_temple_tempest_star
Lair:1:   lab_entry_generic, portal_ice_cave_entry_pillars_01,
          minmay_lair_oklob_bushes, uniq_nergalle

Skill      XL: |  1  2  3  4  5  6  7  8  9 10 |
---------------+-------------------------------+-----
Dodging        | 3 4 5 6 8 9 |  9.2
Fighting       | 5 6 7 8 9 10 | 10.6
Maces & Flails | 5 6 7 |  7.1
Staves         | 1 2 3 4 |  4.4
Stealth        | 2 3 |  3.3
Throwing       | 2 3 4 |  4.6
Polearms       | 1 2 |  2.8

Action                   |  1- 3 |  4- 6 |  7- 9 | 10-12 || total
-------------------------+-------+-------+-------+-------++-------
Melee: Mace              |   119 |    86 |    86 |    51 ||   342
       Quarterstaff      |       |    85 |   167 |       ||   252
       Trident           |       |       |    38 |    98 ||   136
Throw: Stone             |    12 |     2 |     3 |       ||    17
       Tomahawk          |       |       |    50 |    22 ||    72
       Javelin           |       |       |     1 |     5 ||     6
Invok: Berserk           |     1 |     5 |     3 |     6 ||    15
       Trog's Hand       |       |     2 |     3 |     1 ||     6
       Burn Spellbooks   |       |     1 |     1 |       ||     2
  Use: Potion            |       |     1 |    13 |     1 ||    15
       Scroll            |       |       |    15 |     2 ||    17
 Stab: Sleeping          |     2 |     1 |     2 |     2 ||     7
  Eat: Chunk             |     2 |    12 |    16 |    10 ||    40
       Beef jerky        |       |     1 |       |       ||     1
       Meat ration       |       |       |     1 |     1 ||     2
